 Dungeon Crawl Stone Soup version 0.30.0-15-g856e2d3f33 (webtiles) character file.

Game seed: 11031481940538448979

42 SnakkuSnakku7 the Chopper (level 3, 0/34 HPs)
             Began as a Hill Orc Chaos Knight on May 19, 2023.
             Was a Plaything of Xom.
             Slain by a jackal (1 damage)
             ... on level 2 of the Dungeon.
             The game lasted 00:01:34 (964 turns).

SnakkuSnakku7 the Chopper (Hill Orc Chaos Knight)    Turns: 964, Time: 00:01:34

Health: 0/34       AC: 10    Str: 16    XL:     3   Next: 56%
Magic:  3/3        EV:  4    Int: 12    God:    Xom [......]
Gold:   10         SH:  0    Dex: 10    Spells: 2/2 levels left

rFire   . . .        a - +0 hand axe (chaos)
rCold   . . .        (no shield)
rNeg    . . .        k - +0 plate armour
rPois   .            (no helmet)
rElec   .            j - scarf {shadows}
rCorr   .            (no gloves)
SInv    .            (no boots)
Will    .....        (no amulet) Stlth
                     (no ring)
HPRegen 0.25/turn    (no ring)
MPRegen 0.08/turn

%: random rage (3%)
@: no status effects
A: berserk 1
a: Renounce Religion


You were on level 2 of the Dungeon.
You worshipped Xom.
You were a very special plaything of Xom.
You visited 1 branch of the dungeon, and saw 2 of its levels.

You collected 10 gold pieces.

Inventory:

Hand Weapons
 a - a +0 hand axe of chaos (weapon)
Missiles
 i - a throwing net
Armour
 b - a +2 leather armour
 j - a scarf of shadows (worn)
 k - a +0 plate armour (worn)
Scrolls
 e - a scroll of enchant weapon {unknown}
 g - 2 scrolls of teleportation {unknown}
 h - 3 scrolls of identify {unknown}
 n - a scroll of enchant armour {unknown}
Potions
 d - 2 potions of invisibility
 l - a potion of haste
Miscellaneous
 c - a piece from Xom's chessboard (15/15) (quivered)


   Skills:
 + Level 4.6 Fighting
 + Level 5.1 Axes
 - Level 2.1 Armour
 - Level 0.7 Dodging


You had 2 spell levels left.
You didn't know any spells.
Your spell library was empty.

Dungeon Overview and Level Annotations

Branches:
Dungeon (2/15)

Altars:

Shops:
D:1 =

Annotations:
D:2 Jessica


Innate Abilities, Weirdness & Mutations

You sometimes lose your temper in combat.


Message History

A giant cockroach comes into view.
The jackal bites you but does no damage.
You closely miss the jackal. You hit the jackal. You burn the jackal.
You closely miss the jackal.
The jackal bites you but does no damage.
The jackal bites you.
The jackal bites you but does no damage.
The jackal barely misses you. The jackal completely misses you.
The jackal bites you but does no damage.
The gnoll barely misses you. The jackal completely misses you.
The jackal bites you.
* * * LOW HITPOINT WARNING * * *
The jackal bites you but does no damage.
Unknown command.
The jackal bites you but does no damage.
The giant cockroach barely misses you.
Unknown command.
The jackal attacks as you move away! The jackal completely misses you.
The jackal bites you but does no damage.
The giant cockroach completely misses you.
The gnoll hits you from afar with a +0 halberd!
* * * LOW HITPOINT WARNING * * *
A shower of butterflies erupts from you!
The jackal attacks as you move away!
The jackal bites you but does no damage.
The jackal attacks as you move away!
The jackal bites you but does no damage.
The jackal bites your butterfly.
Your butterfly dies!
Your butterfly disappears in a puff of smoke!
You swap places.
The giant cockroach barely misses you.
Jessica casts a spell.
Jessica blinks!
The jackal bites you but does no damage.
Unknown command.
The giant cockroach attacks as you move away!
The giant cockroach bites you but does no damage.
The jackal attacks as you move away! The jackal bites you.
You die...
Xom is highly amused!

........# ........#
.........# .........#
...... ........##
...=..
#...b...####.....#
#....@#.......... .
#...Bh..# ...## ..
#.b..h#.# ####.)# ...
#...hg#... ...#.#....
#.....########.#<.....
#...(.g..g........(>..
#..@..########.####+##
#.....# #........?.#
####### #.####.#####


You could see 2 gnolls, Jessica, 3 jackals and a giant cockroach.

Vanquished Creatures
  A hound (D:1)
  A bat (D:1)
  2 giant cockroaches (D:1)
  2 goblins (D:1)
  4 ball pythons (D:1)
  A frilled lizard (D:1)
  A kobold (D:1)
  A rat (D:1)
13 creatures vanquished.

Notes
Turn   | Place    | Note
-------+----------+-------------------------------------------
     0 | D:1      | SnakkuSnakku7 the Hill Orc Chaos Knight began the quest for
                  | the Orb.
     0 | D:1      | Reached XP level 1. HP: 19/19 MP: 1/1
    86 | D:1      | XOM: silly message
   177 | D:1      | Found Igoivva's Jewellery Shop.
   298 | D:1      | XOM: silly message
   476 | D:1      | Reached XP level 2. HP: 27/27 MP: 2/2
   482 | D:1      | XOM: noise
   533 | D:1      | XOM: noise
   806 | D:1      | XOM: give mutation
   806 | D:1      | Gained mutation: You sometimes lose your temper in combat.
                  | [Xom's mischief]
   872 | D:2      | XOM: polymorph gnoll -> hound
   875 | D:2      | Noticed Jessica
   894 | D:1      | XOM: stat loss: -1 Dex (9/10)
   909 | D:1      | Reached skill level 5 in Axes
   909 | D:1      | Reached XP level 3. HP: 21/34 MP: 3/3
   912 | D:1      | XOM: summons 2 hostile demons
   913 | D:1      | Noticed a soul eater
   961 | D:2      | HP: 1/34 [gnoll/+0 halberd (10)]
   961 | D:2      | XOM: butterfly on damage
   964 | D:2      | Slain by a jackal

Illustrated notes

Levels and vault maps discovered:
D:1:      scummos_arrival_gate, layout_loops_corners, serial_shops, shop,
          dreamdust_mushroom_princess, kennysheep_flooded_box
D:2:      layout_basic, basic_altar, serial_shops, shop, nicolae_shop_stone,
          shop, nicolae_diamond_shop, uniq_jessica

Skill      XL: |  1  2 |
---------------+-------+-----
Fighting       | 4 |  4.6
Axes           | 5 |  5.1
Armour         | |  2.1
Dodging        | |  0.7

Action                     || total
---------------------------++-------
  Melee: Hand axe          ||    60
    Use: Potion            ||     4
   Stab: Invisible         ||     2
 Armour: Leather armour    ||     5
         Plate armour      ||    57
  Dodge: Dodged            ||    28
